 Dungeon Crawl Stone Soup version 0.27.1-15-g792fb953b9 (webtiles) character file.

Game seed: 13973107280554698595

99520 boopmooplesden the Peltast (level 15, -20/124 HPs)
             Began as a Minotaur Fighter on Nov 18, 2021.
             Was the Champion of Hepliaklqana.
             Demolished by an orc knight (30 damage)
             ... on level 2 of the Orcish Mines.
             The game lasted 00:50:18 (23506 turns).

boopmooplesden the Peltast (Minotaur Fighter)      Turns: 23506, Time: 00:50:19

Health: -20/124    AC: 25    Str: 25    XL:     15   Next: 77%
Magic:  0/14       EV: 12    Int:  3    God:    Hepliaklqana [******]
Gold:   1934       SH: 21    Dex: 22    Spells: 14/14 levels left

rFire    + . .     SeeInvis .   F - +6 scimitar (flame)
rCold    + . .     Faith    .   c - +5 kite shield
rNeg     + . .     Spirit   +   S - +2 plate armour
rPois    +         Reflect  .   s - +1 hat of Emiawuud {Rampage Dex+6}
rElec    .         Harm     .   N - +0 cloak
rCorr    .         Rampage  +   J - +1 pair of gloves "Titoist" {rPois}
Will     +....                  L - +0 pair of boots "Numnural" {rF+ Dex+4}
Stlth    ..........             Q - amulet of guardian spirit
HPRegen  0.30/turn              e - ring of protection from cold
MPRegen  0.14/turn              l - ring of positive energy

@: about to teleport
A: reduced essence, horns 2, retaliatory headbutt, dopey 1
a: Renounce Religion, Recall Ancestor, Ancestor Identity, Transference, Idealise


You were on level 2 of the Orcish Mines.
You worshipped Hepliaklqana.
Hepliaklqana was exalted by your worship.
You visited 3 branches of the dungeon, and saw 23 of its levels.
You also visited: Bailey and Volcano.

You collected 2259 gold pieces.
You spent 325 gold pieces at shops.

Inventory:

Hand Weapons
 f - a +2 vorpal whip
 v - a +4 flail of freezing
 F - a +6 scimitar of flaming (weapon)
 P - the +7 falchion of Nudof {venom, *Slow +Blink +Rage}
   (You bought it in a shop on level 10 of the Dungeon)

   It poisons the flesh of those it strikes.
   +Blink:    It lets you blink.
   +Rage:     It lets you go berserk.
   *Slow:     It may slow you when you take damage.
Missiles
 b - 3 throwing nets
 k - 127 poisoned darts
 H - 6 silver boomerangs
 R - 33 javelins (quivered)
Armour
 a - a +1 chain mail of fire resistance
 c - a +5 kite shield (worn)
 n - the +0 pair of gloves "Apudgh Muho" {Harm Rampage *Corrode Int+7}
   (You found it on level 14 of the Dungeon)

   Int:       It affects your intelligence (+7).
   *Corrode:  It may corrode you when you take damage.
   Harm:      It increases damage dealt and taken.
   Rampage:   It bestows one free step when moving towards enemies.
 s - the +1 hat of Emiawuud (worn) {Rampage Dex+6}
   (You acquired it on level 4 of the Dungeon)

   Dex:       It affects your dexterity (+6).
   Rampage:   It bestows one free step when moving towards enemies.
 I - the +4 Cigotuvi's embrace {rMiasma Drain rN+}
   (You found it on level 6 of the Lair of Beasts)

   It gathers nearby corpses to temporarily increase the armour it provides.
   It protects you from foul pestilence.
   rN:        It protects you from negative energy.
   Drain:     It drains your maximum health when unequipped.
 J - the +1 pair of gloves "Titoist" (worn) {rPois}
   (You found it in a volcano)

   rPois:     It protects you from poison.
 L - the +0 pair of boots "Numnural" (worn) {rF+ Dex+4}
   (You found it on level 8 of the Dungeon)

   Dex:       It affects your dexterity (+4).
   rF:        It protects you from fire.
 N - a +0 cloak (worn)
 S - a +2 plate armour (worn)
Jewellery
 e - a ring of protection from cold (left hand)
 i - an amulet of reflection
 l - a ring of positive energy (right hand)
 o - a +6 ring of dexterity
 y - a ring of positive energy
 D - a ring of poison resistance
 E - a ring of ice
 Q - an amulet of guardian spirit (around neck)
 V - a ring of magical power
 W - a ring of flight
 Z - an amulet of the acrobat
Wands
 w - a wand of digging (22)
 z - a wand of mindburst (47)
 B - a wand of polymorph (24)
 G - a wand of iceblast (7)
 Y - a wand of charming (11)
Scrolls
 h - a scroll of fog
 p - 2 scrolls of silence
 r - a scroll of fear {unknown}
 A - a scroll of summoning
 C - 5 scrolls of identify
 K - 2 scrolls of magic mapping
 M - 4 scrolls of teleportation
 X - 4 scrolls of amnesia
Potions
 d - 6 potions of might
 g - a potion of invisibility
 j - 3 potions of cancellation
 m - 6 potions of curing
 q - 3 potions of resistance
 t - 2 potions of berserk rage
 u - 6 potions of mutation
 x - 2 potions of flight
 O - 3 potions of brilliance
 T - a potion of ambrosia {unknown}
 U - 2 potions of haste


   Skills:
 + Level 14.0 Fighting
 + Level 16.2 Long Blades
 + Level 1.2 Throwing
 + Level 14.2 Armour
 + Level 6.4 Dodging
 + Level 8.1 Stealth
 + Level 17.7 Shields


You had 14 spell levels left.
You didn't know any spells.
Your spell library contained the following spells:

 Spells                   Type           Power      Damage    Failure   Level
 Foxfire                  Conj/Fire      0%         2x1d4     99%         1
 Ensorcelled Hibernation  Hex/Ice        0%         N/A       100%        2
 Slow                     Hex            0%         N/A       100%        2
 Confusing Touch          Hex            0%         N/A       100%        3
 Conjure Flame            Conj/Fire      0%         6-21      100%        3
 Inner Flame              Hex/Fire       0%         N/A       100%        3
 Portal Projectile        Hex/Tloc       0%         N/A       100%        3
 Spider Form              Tmut/Pois      0%         N/A       100%        3
 Blade Hands              Tmut           0%         N/A       100%        5
 Excruciating Wounds      Necr           0%         N/A       100%        5
 Yara's Violent Unravell  Hex/Tmut       0%         3d3       100%        5
 Shadow Creatures         Summ           N/A        N/A       100%        6


Dungeon Overview and Level Annotations

Branches:
Dungeon (15/15)            Temple (0/1) D:6            Lair (6/6) D:11
  Swamp (0/4) Lair:2       Spider (0/4) Lair:3        Slime (0/5) Lair:6
    Orc (2/2) D:10            Elf (0/3) Orc:2        Vaults (0/5) D:14
 Depths (0/5) D:15         Bailey (visited)         Volcano (visited)

Altars:
Cheibriados
Dithmenos
Fedhas
Gozag
Hepliaklqana
Makhleb
Nemelex Xobeh
Okawaru
Vehumet
Wu Jian
Xom
Zin
Beogh
Jiyva

Shops:
D:10 *   D:12 **

Portals:
Trove: D:10 (give 11 potions of heal wounds)

Annotations:
D:12 3 runed translucent doors, exclusion: obsidian statue, mrw3rdna's ghost, journeyman HOFi
D:14 1 runed translucent door, Pios Xaciraj's ghost, journeyman DgWz
Lair:1 exclusion: oklob plant
Orc:1 1 transporter


Innate Abilities, Weirdness & Mutations

Your life essence is reduced to manifest your ancestor. (-10% HP)
You have a pair of horns on your head.
You reflexively headbutt those who attack you in melee.
You are dopey. (Int -2)


Message History

Gladwin casts a spell at the ogre.
The ogre appears confused.
The orc knight hits you with a +0 glaive of pain.
You writhe in agony.
Items here: ))) [ †.
You block the ogre's attack.
Gladwin points at the ogre and mumbles some strange words.
The ogre appears confused.
The orc knight barely misses you. You furiously retaliate!
You headbutt the orc knight!
You riposte.
You slash the orc knight! You burn the orc knight.
The orc knight is moderately wounded.
You hit the orc knight. You burn the orc knight.
Your headbutt misses the orc knight.
The orc knight is moderately wounded.
You block the ogre's attack.
You barely miss the orc knight. Your headbutt misses the orc knight.
The orc knight is moderately wounded.
The orc knight hits you with a +0 glaive of pain!
Gladwin gestures at the ogre while chanting.
The ogre resists with significant effort.
You completely miss the orc knight.
The orc knight is moderately wounded.
The ogre closely misses Gladwin.
The orc knight hits you with a +0 glaive of pain!!!
* * * LOW HITPOINT WARNING * * *
You writhe in agony.
* * * LOW HITPOINT WARNING * * *
You feel better.
Gladwin hits the ogre with a +0 dagger of draining!
Gladwin drains the ogre.
You block the ogre's attack.
The orc knight hits you with a +0 glaive of pain.
* * * LOW HITPOINT WARNING * * *
You writhe in agony.
* * * LOW HITPOINT WARNING * * *
As you read the scroll of teleportation, it crumbles to dust.
You feel strangely unstable.
Gladwin gestures at the ogre while chanting.
The ogre suddenly stops moving!
The orc knight hits you with a +0 glaive of pain!!
You die...

### #≈≈ #$#
#≈≈## ##.##
≈≈≈## #.$.#
##### #≈§§#
##...## ##...##
#§≈§# #....$#
##.....# #§§§#
#..@o.#
#.....####
#≈≈≈# #.O))$#
#.....#..#
#..)# ###R###
##.........
#§..# #.#
##.........#
###'######'#
#..#........
#...#......#
##.........)
#.###'######
##.........
#R#.....#
#.#####.#......
#.'.._..#
#....######....


You could see the friendly Gladwin the hexer, an orc knight (strong) and an ogre
(paralysed, confused, drained, ally target).

Vanquished Creatures
  Frances (D:13)
  Agnes (D:14)
  Kirke (D:14)
  A red draconian (Volcano)
  A minotaur (Lair:1)
  Josephine (D:10)
  Fannar (D:11)
  Erolcha (D:11)
  10 hydras
  A boulder beetle (D:12)
  An ice dragon (Lair:6)
  A catoblepas (Lair:6)
  7 centaur warriors
  8 two-headed ogres
  Erica (D:8)
  A tengu warrior (D:15)
  The ghost of bronco the Thaumaturge, a journeyman DECj of Vehumet (Lair:1)
  2 death yaks (Lair:6)
  Nergalle (D:11)
  Pikel (D:9)
  5 wizards
  A necromancer (D:15)
  2 lindwurms (Lair:6)
  3 orc knights
  2 deep elf pyromancers
  A deep elf zephyrmancer (D:15)
  10 cyclopes
  5 orc sorcerers
  3 manticores
  A salamander (shapeshifter) (D:13)
  3 ugly things
  Maurice (D:9)
  9 elephants
  4 black mambas
  An eye of devastation (shapeshifter) (D:13)
  11 cane toads
  4 gargoyles
  10 torpor snails
  An efreet (D:15)
  A rime drake (Lair:6)
  11 komodo dragons
  2 yaktaurs (Volcano)
  2 kobold demonologists (D:12)
  9 trolls
  3 tyrant leeches (Lair:6)
  3 meliai (D:15)
  2 polar bears
  6 hornets (Lair:6)
  7 dream sheep
  A slime creature (D:12)
  16 blink frogs
  2 shadows (D:12)
  3 centaur simulacra
  26 yaks
  4 wyverns
  2 vampires
  4 wraiths
  A basilisk (Lair:6)
  9 vampire mosquitoes
  A warg (Orc:2)
  An acid dragon (D:12)
  15 water moccasins
  Duvessa (D:4)
  24 orc warriors
  3 sky beasts
  8 ogres
  A black bear (Lair:5)
  17 wolves
  2 necrophages
  A phantom (D:7)
  24 centaurs
  A kobold brigand (D:7)
  14 bullfrogs
  A gnoll sergeant (Orc:2)
  5 scorpions
  5 killer bees (D:9)
  4 wights (D:7)
  A howler monkey (D:12)
  3 electric eels (Lair:1)
  5 centaur zombies
  11 orc priests
  2 bullfrog zombies (D:5)
  3 jellies
  A hound (D:6)
  A bullfrog skeleton (D:6)
  3 centaur skeletons
  2 iguanas
  12 orc wizards
  2 killer bee zombies
  A hound skeleton (D:4)
  3 howler monkey zombies
  Robin (D:3)
  4 adders
  3 shadow imps
  2 white imps
  2 ufetubi
  3 worms
  4 dart slugs
  87 orcs
  5 endoplasms
  7 giant cockroaches
  11 goblins
  9 hobgoblins
  3 jackals (D:2)
  3 quokkas
  2 ball pythons
  4 bats
  A frilled lizard (D:3)
  11 kobolds
  2 rats
576 creatures vanquished.

Vanquished Creatures (collateral kills)
  A hydra (Lair:4)
  A boulder beetle (D:15)
  A catoblepas (Lair:6)
  A death yak (Lair:6)
  An orc sorcerer (Orc:2)
  An ugly thing (D:15)
  An elephant (Lair:6)
  A black mamba (Lair:3)
  A torpor snail (Lair:1)
  A komodo dragon (Lair:5)
  A demonic crawler (Lair:3)
  A rime drake (Lair:6)
  A tyrant leech (Lair:6)
  A hornet (shapeshifter) (D:13)
  5 blink frogs
  2 dream sheep (Lair:6)
  A shadow (D:10)
  2 yaks
  A wraith (D:10)
  A steam dragon (D:10)
  2 water moccasins
  An orc warrior (Bailey)
  An ogre (D:5)
  3 centaurs
  2 wolves
  A kobold brigand (D:8)
  Blork the orc (D:6)
  2 bullfrogs
  Dowan (D:4)
  2 scorpions (Lair:3)
  A bullfrog zombie (D:5)
  An orc priest (D:5)
  6 orc wizards
  15 orcs
  A goblin (D:11)
  2 kobolds (D:8)
68 creatures vanquished.

Vanquished Creatures (others)
  A centaur skeleton (D:15)
  8 hexers
  A goblin (D:11)
  24 fungi
  117 plants
151 creatures vanquished.

Grand Total: 795 creatures vanquished

Notes
Turn   | Place    | Note
-------+----------+-------------------------------------------
     0 | D:1      | boopmooplesden the Minotaur Fighter began the quest for the
                  | Orb.
     0 | D:1      | Reached XP level 1. HP: 19/19 MP: 0/0
   195 | D:1      | Reached XP level 2. HP: 27/27 MP: 1/1
   204 | D:1      | Found a faded altar of an unknown god.
  1046 | D:2      | Reached XP level 3. HP: 29/33 MP: 2/2
  1129 | D:2      | Reached skill level 4 in Shields
  1530 | D:2      | Found a hazy altar of Hepliaklqana.
  1609 | D:2      | Became a worshipper of Hepliaklqana the Forgotten
  1768 | D:3      | Noticed a necrophage
  1776 | D:3      | Killed a necrophage
  1777 | D:3      | Reached skill level 1 in Dodging
  1777 | D:3      | Reached skill level 1 in Stealth
  1777 | D:3      | Reached XP level 4. HP: 32/40 MP: 3/3
  1883 | D:3      | Reached XP level 5. HP: 46/46 MP: 4/4
  2249 | D:3      | Noticed Robin
  2263 | D:3      | Killed Robin
  2614 | D:4      | Noticed Duvessa
  2617 | D:4      | Noticed Dowan
  2680 | D:4      | Reached * piety under Hepliaklqana
  2954 | D:4      | Noticed an ogre
  2962 | D:4      | Killed an ogre
  2963 | D:4      | Reached skill level 5 in Shields
  2963 | D:4      | Reached XP level 6. HP: 22/47 MP: 5/5
  3327 | D:4      | Killed Duvessa
  3328 | D:4      | Reached skill level 5 in Long Blades
  3329 | D:4      | Killed Dowan
  3330 | D:4      | Reached skill level 5 in Armour
  3571 | D:4      | Identified a scroll of acquirement
  3571 | D:4      | Acquired the +1 hat of Emiawuud {Rampage Dex+6}
  3598 | D:5      | Entered Level 5 of the Dungeon
  3629 | D:5      | Reached XP level 7. HP: 38/54 MP: 6/6
  3763 | D:5      | Reached skill level 6 in Shields
  3801 | D:5      | Found a blossoming altar of Fedhas.
  3825 | D:5      | Reached skill level 5 in Fighting
  3852 | D:5      | Reached ** piety under Hepliaklqana
  3853 | D:5      | Remembered your ancestor Gladwin as a hexer
  3854 | D:5      | Found a sparkling altar of Nemelex Xobeh.
  3914 | D:5      | Reached XP level 8. HP: 61/61 MP: 7/7
  4088 | D:5      | Found an iron altar of Okawaru.
  4088 | D:5      | Found a burning altar of Makhleb.
  4089 | D:5      | Found an ornate altar of the Wu Jian Council.
  4250 | D:6      | Found a snail-covered altar of Cheibriados.
  4250 | D:6      | Found a radiant altar of Vehumet.
  4474 | D:6      | Reached skill level 7 in Shields
  4649 | D:6      | Noticed Blork the orc
  4660 | D:6      | Killed Blork the orc
  4922 | D:6      | Found a staircase to the Ecumenical Temple.
  5220 | D:7      | HP: 2/63 [wyvern (11)]
  5615 | D:7      | Reached XP level 9. HP: 67/67 MP: 8/8
  5758 | D:7      | Reached *** piety under Hepliaklqana
  6004 | D:7      | Reached skill level 8 in Shields
  6725 | D:8      | Found a shadowy altar of Dithmenos.
  6760 | D:8      | Noticed Erica
  6768 | D:8      | Killed Erica
  6769 | D:8      | Reached skill level 10 in Long Blades
  6788 | D:8      | Found a glowing silver altar of Zin.
  6816 | D:8      | Identified the +2 ring mail "Qiomoucs" {Str-3 Slay+6}
  6821 | D:8      | Reached skill level 9 in Shields
  6989 | D:8      | Identified the +2 robe of the Insatiable Hosts {Int+3}
  7166 | D:8      | Noticed a lindwurm
  7295 | D:8      | Identified the +0 pair of boots "Numnural" {rF+ Dex+4}
  7325 | D:8      | Noticed a lindwurm
  7352 | D:8      | Noticed a lindwurm
  7389 | D:9      | Reached **** piety under Hepliaklqana
  7396 | D:9      | Reached XP level 10. HP: 62/77 MP: 9/9
  7551 | D:9      | Noticed Pikel
  7557 | D:9      | Killed Pikel
  8052 | D:9      | Noticed Maurice
  8060 | D:9      | Killed Maurice
  8234 | D:10     | Entered Level 10 of the Dungeon
  8292 | D:10     | Noticed a brown ugly thing
  8304 | D:10     | Reached skill level 10 in Shields
  8312 | D:10     | Killed a brown ugly thing
  8361 | D:10     | Found a staircase to the Orcish Mines.
  8438 | D:10     | Found Juarien's Assorted Antiques.
  8446 | D:10     | Bought a shimmering falchion for 200 gold pieces
  8446 | D:10     | Identified the +7 falchion of Nudof {venom, *Slow +Blink
                  | +Rage} (You bought it in a shop on level 10 of the Dungeon)
  8446 | D:10     | Bought a small garnet amulet for 125 gold pieces
  8568 | D:10     | Noticed Josephine
  8580 | D:10     | Killed Josephine
  8581 | D:10     | Reached XP level 11. HP: 48/85 MP: 4/10
  8856 | D:10     | Reached ***** piety under Hepliaklqana
  9027 | D:10     | Found a portal to a secret trove of treasure.
  9100 | D:11     | Noticed Nergalle
  9110 | D:11     | Killed Nergalle
  9165 | D:11     | Found a staircase to the Lair.
  9175 | D:11     | Reached skill level 11 in Shields
  9503 | D:11     | Noticed Erolcha
  9505 | D:11     | Found a flagged portal.
  9512 | D:11     | Noticed Fannar
  9515 | D:11     | Killed Erolcha
  9534 | D:11     | HP: 3/85 [Fannar/refrigeration (24)]
  9547 | D:11     | Killed Fannar
  9683 | Bailey   | Entered a bailey
 10196 | Bailey   | Reached skill level 10 in Armour
 10222 | Bailey   | Reached skill level 1 in Throwing
 10994 | Lair:1   | Entered Level 1 of the Lair of Beasts
 10994 | Lair:1   | Noticed an oklob plant
 11071 | Lair:1   | Reached skill level 5 in Stealth
 11138 | Lair:1   | Noticed a minotaur
 11139 | Lair:1   | Noticed bronco's ghost (journeyman DECj)
 11232 | Lair:1   | Noticed a five-headed hydra
 11238 | Lair:1   | Killed a one-headed hydra
 11239 | Lair:1   | Reached skill level 12 in Shields
 11239 | Lair:1   | Reached XP level 12. HP: 92/95 MP: 9/11
 11271 | Lair:1   | Reached skill level 5 in Dodging
 11302 | Lair:1   | You fall into a shaft and drop 1 floor!
 11408 | Lair:2   | Found a staircase to the Swamp.
 11547 | Lair:2   | Noticed a seven-headed hydra
 11555 | Lair:2   | Killed a four-headed hydra
 11556 | Lair:2   | Reached skill level 10 in Fighting
 11680 | Lair:2   | Noticed a five-headed hydra
 11690 | Lair:2   | Killed a one-headed hydra
 12465 | Lair:3   | Found a hole to the Spider Nest.
 12615 | Lair:3   | Reached skill level 13 in Shields
 13216 | Lair:4   | Reached ****** piety under Hepliaklqana
 13225 | Lair:4   | Noticed a seven-headed hydra
 13231 | Lair:4   | Killed a four-headed hydra
 13232 | Lair:4   | Reached XP level 13. HP: 69/102 MP: 8/12
 14652 | Lair:5   | Found a snail-covered altar of Cheibriados.
 14889 | Lair:6   | Entered Level 6 of the Lair of Beasts
 14942 | Lair:6   | Reached skill level 14 in Shields
 15374 | Lair:6   | Found the +4 Cigotuvi's embrace {rMiasma Drain rN+}
 15418 | Lair:6   | Identified the +0 helmet of Yredelemnul's Envy {rN+ Str+3
                  | Dex+2 Slay-5}
 15532 | Lair:6   | Found a viscous altar of Jiyva.
 15532 | Lair:6   | Found a staircase to the Slime Pits.
 15546 | Lair:6   | Found a dark tunnel.
 15556 | Volcano  | Entered a volcano
 15648 | Volcano  | Noticed a red draconian
 15673 | Volcano  | Killed a red draconian
 15677 | Volcano  | Identified the +1 pair of gloves "Titoist" {rPois}
 16245 | Lair:6   | Reached XP level 14. HP: 112/112 MP: 13/13
 16260 | Lair:6   | Reached skill level 15 in Long Blades
 16270 | Lair:6   | Reached skill level 15 in Shields
 16483 | Lair:6   | Found a runed translucent door.
 18546 | Lair:1   | Found a runed translucent gate.
 18547 | Lair:1   | Found a runed translucent gate.
 18548 | Lair:1   | Found a runed translucent gate.
 18583 | Lair:1   | Killed bronco's ghost
 19370 | D:12     | Reached skill level 16 in Shields
 19378 | D:12     | Found a runed translucent gate.
 19379 | D:12     | Found a runed translucent gate.
 19380 | D:12     | Found an opulent altar of Gozag.
 19380 | D:12     | Found a runed translucent gate.
 19382 | D:12     | Noticed mrw3rdna's ghost (journeyman HOFi)
 19394 | D:12     | Found Qehiheet's Assorted Antiques.
 19395 | D:12     | Found Beufacumn's Assorted Antiques.
 19548 | D:12     | You fall into a shaft and drop 1 floor!
 19548 | D:13     | Found a snail-covered altar of Cheibriados.
 19965 | D:13     | Noticed Frances
 19979 | D:13     | Killed Frances
 20213 | D:12     | Gained mutation: You are dopey. (Int -2) [a neqoxec]
 20504 | D:12     | Reached XP level 15. HP: 62/119 MP: 10/14
 20841 | D:12     | You fall into a shaft and drop 2 floors!
 20884 | D:14     | Identified the +0 pair of gloves "Apudgh Muho" {Harm
                  | Rampage *Corrode Int+7}
 20930 | D:14     | Found a gate to the Vaults.
 20998 | D:14     | Found a runed translucent door.
 21009 | D:14     | Found a shimmering altar of Xom.
 21009 | D:14     | Noticed Pios Xaciraj's ghost (journeyman DgWz)
 21073 | D:14     | Noticed Agnes
 21083 | D:14     | Killed Agnes
 21469 | D:14     | Noticed Kirke
 21484 | D:14     | Killed Kirke
 21485 | D:14     | Reached skill level 17 in Shields
 21598 | D:15     | Entered Level 15 of the Dungeon
 22297 | D:15     | Identified the +1 leather armour "Evveac" {Rampage rF-
                  | Dex+5}
 22512 | D:15     | Found a staircase to the Depths.
 22670 | Orc:1    | Entered Level 1 of the Orcish Mines
 22672 | Orc:1    | Found a transporter.
 22682 | Orc:1    | You fall into a shaft and drop 1 floor!
 22682 | Orc:2    | Entered Level 2 of the Orcish Mines
 22700 | Orc:2    | Found a staircase to the Elven Halls.
 23504 | Orc:2    | HP: 6/124 [orc knight (1)]
 23506 | Orc:2    | Demolished by an orc knight

Illustrated notes

Levels and vault maps discovered:
D:1:      dpeg_arrival_lava_temple_mockup, layout_basic,
          shapermc_ecumenical_altar_starsandcircs, minmay_pentomino_o2
D:2:      layout_basic, basic_altar
D:3:      layout_basic, uniq_robin
D:4:      layout_loops_cross, nicolae_zen_rock_garden, dk_noncrumbling_4,
          uniq_duvessa
D:5:      layout_cave_pools, chequers_temple_overflow_statue_of_worship,
          grunt_temple_overflow_open
D:6:      layout_basic, mainiacjoe_overflow_divided_tiny,
          minmay_temple_entry_enclosed_plants, uniq_blork_the_orc
D:7:      layout_loops_ring
D:8:      layout_gridville, nicolae_dithmenos_through_a_glass_darkly,
          mainiacjoe_overflow_cross_hatched, minmay_lindwurm_lava, uniq_erica
D:9:      layout_loops_ring, uniq_pikel, uniq_maurice
D:10:     layout_roguey, david_orc_2, serial_shops, nicolae_shop_waterfront,
          enter_trove_6, uniq_josephine
D:11:     layout_basic, lair_entry_dummy, enter_bailey_5, uniq_nergalle,
          uniq_erolcha, uniq_fannar
D:12:     minmay_bloctagon, layout_cave_pools, ebering_ghost_gozag,
          chequers_serial_rivers_large_a
D:13:     layout_rooms, kennysheep_slug_shrine, uniq_frances
D:14:     layout_grid_maze, david_vaults_1, kennysheep_boxes, ebering_ghost_xom,
          kennysheep_generic_room_3, uniq_kirke, uniq_agnes
D:15:     grunt_enter_depths_magical_seal, layout_long_grid,
          kennysheep_treasure_room
Lair:1:   layout_roguey, maelrawn_ghost_gauntlet_escape, serial_bayou_shore_a,
          minmay_lair_oklob_chamber, serial_bayou_shore_b, grunt_megastairs_2,
          serial_bayou_shore_b, lemuel_fruit_tree
Lair:2:   layout_regular_city, swamp_mist, minivault_27, serial_bayou_shore_b
Lair:3:   layout_gridlike, nicolae_spider_entry_non_spiders, st_stairs_12
Lair:4:   layout_regular_city
Lair:5:   layout_loops_ring, hangedman_lair_unloving_vines,
          kennysheep_snail_temple
Lair:6:   wormcave, layout_regular_city, hangedman_lair_in_review,
          slime_altar_1, nicolae_volcano_entry_hallway, grunt_megastairs_5
Orc:1:    gammafunk_beogh_shrine, layout_caves, nicolae_orc_pool_cavern
Orc:2:    pubby_orc_utopia

Skill      XL: |  1  2  3  4  5  6  7  8  9 10 11 12 13 14 15 |
---------------+----------------------------------------------+-----
Fighting       | 4 5 6 7 8 9 10 11 13 14 | 14.0
Armour         | 4 5 6 7 9 10 11 12 13 14 | 14.2
Shields        | 4 5 6 7 9 10 12 13 14 16 17 | 17.7
Long Blades    | 3 4 5 7 8 10 11 12 14 15 16 | 16.2
Dodging        | 1 2 3 4 5 6 |  6.4
Stealth        | 1 2 4 5 6 7 8 |  8.1
Throwing       | 1 |  1.2

Action                   |  1- 3 |  4- 6 |  7- 9 | 10-12 | 13-15 || total
-------------------------+-------+-------+-------+-------+-------++-------
Melee: Long sword        |    71 |    81 |   182 |       |       ||   334
       Headbutt          |    15 |    16 |    71 |   178 |   356 ||   636
       Scimitar          |       |       |    24 |   298 |   967 ||  1289
       Falchion          |       |       |       |   221 |       ||   221
Throw: Dart              |     2 |       |     2 |     3 |       ||     7
Invok: Ancestor Life: He |       |       |     1 |       |       ||     1
       Ancestor Identity |       |       |     1 |       |       ||     1
       Recall Ancestor   |       |       |       |     1 |     6 ||     7
  Use: Scroll            |     2 |     7 |     6 |    10 |    16 ||    41
       Potion            |       |     1 |     4 |     5 |     4 ||    14
 Stab: Distracted        |       |       |     4 |    10 |    19 ||    33
       Confused          |       |       |     1 |     9 |    13 ||    23
       Sleeping          |       |       |       |     2 |       ||     2
       Petrified         |       |       |       |       |     4 ||     4
       Petrifying        |       |       |       |       |     1 ||     1
       Paralysed         |       |       |       |       |    17 ||    17
Armor: Scale mail        |    38 |    52 |    57 |     7 |       ||   154
       Chain mail        |       |       |       |    54 |   171 ||   225
       Plate armour      |       |       |       |    87 |   104 ||   191
Dodge: Dodged            |    25 |    42 |    65 |   143 |   225 ||   500
Block: Kite shield       |    36 |    56 |   169 |   400 |   718 ||  1379
       Rpst.: Long sword |     8 |    11 |    13 |       |       ||    32
       Falchion          |       |       |       |    10 |       ||    10
       Scimitar          |       |       |       |    16 |    38 ||    54
